 Dungeon Crawl Stone Soup version 0.21.1-1-g345015fe64 (webtiles) character file.

123559 RaHiT the Brawler (level 16, -20/148 (149) HPs)
             Began as a Ghoul Monk on Apr 10, 2018.
             Was a High Priest of Okawaru.
             Demolished by a titanic slime creature (78 damage)
             ... on level 2 of the Lair of Beasts on Apr 11, 2018.
             The game lasted 02:25:10 (25865 turns).

RaHiT the Brawler (Ghoul Monk)                     Turns: 25865, Time: 02:25:11

HP:   -20/148 (149) AC: 28    Str: 24    XL:     16   Next: 90%
MP:   24/24         EV:  9    Int:  5    God:    Okawaru [*****.]
Gold: 2434          SH:  4    Dex: 11    Spells: 1/15 levels left

rFire    . . .     SeeInvis +     - Unarmed
rCold    + + .     Gourm    .   (no shield)
rNeg     + + +     Faith    .   Z - +3 plate armour {rF+}
rPois    ∞         Spirit   .   M - +2 helmet {SInv}
rElec    .         Reflect  +   c - +2 cloak {MR+}
rCorr    .         Harm     .   (no gloves)
MR       ++...                  S - +0 pair of boots of Beauty {rPois rN+}
Stlth    ..........             O - +4 amulet of reflection
HPRegen  0.00/turn              a - ring of ice
MPRegen  0.19/turn              m - +2 ring of strength

@: rotting, studying Evocations
A: rotting body, claws 1, carnivore, cold resistance 1, negative energy
resistance 3, inhibited regeneration, torment resistance, unbreathing
a: Heroism, Finesse, Renounce Religion


You were on level 2 of the Lair of Beasts.
You worshipped Okawaru.
Okawaru was extremely pleased with you.
You were not hungry.

You visited 5 branches of the dungeon, and saw 26 of its levels.
You also visited: Ossuary and Ice Cave.

You collected 2473 gold pieces.
You spent 39 gold pieces at shops.

Inventory:

Missiles
 j - 29 tomahawks (quivered)
 W - 6 javelins
Armour
 c - a +2 cloak of magic resistance (worn)
 o - the +0 pair of gloves of Yshrutaimm {Str+4}
   (Okawaru gifted it to you on level 6 of the Lair of Beasts)

   It affects your strength (+4).
 B - the +1 chain mail of Okawaru's Hope {*Contam rElec rN+ Stlth+}
   (Okawaru gifted it to you on level 11 of the Dungeon)

   It insulates you from electricity.
   It protects you from negative energy.
   It causes magical contamination when unequipped.
   It makes you more stealthy.
 J - the +2 scale mail of Sotaq {rF++}
   (Okawaru gifted it to you in an ice cave)

   It greatly protects you from fire.
 M - a +2 helmet of see invisible (worn)
 Q - a +2 plate armour of magic resistance
 S - the +0 pair of boots of Beauty (worn) {rPois rN+}
   (You found it on level 14 of the Dungeon)

   It protects you from poison.
   It protects you from negative energy.
 Z - a +3 plate armour of fire resistance (worn)
Jewellery
 a - a ring of ice (left claw)
 i - an uncursed ring of flight
 k - an uncursed ring of ice
 m - a +2 ring of strength (right claw)
 E - an uncursed ring of fire
 O - a +4 amulet of reflection (around neck)
 T - an uncursed ring of protection from fire
Wands
 d - a wand of disintegration (10)
 e - a wand of flame (29)
 t - a wand of paralysis (29)
 u - a wand of clouds (4)
 v - a wand of iceblast (34)
 A - a wand of digging (29)
 G - a wand of random effects (64)
 L - a wand of acid (20)
Scrolls
 f - 13 scrolls of remove curse
 l - 2 scrolls of fog
 n - a scroll of enchant weapon
 q - 2 scrolls of enchant armour
 r - 2 scrolls of blinking
 s - 8 scrolls of fear
 w - 8 scrolls of teleportation
 x - a scroll of summoning
 y - 2 scrolls of immolation
 H - a scroll of magic mapping
 K - a scroll of brand weapon
 N - a scroll of noise
 P - 2 scrolls of vulnerability
 V - 3 scrolls of identify
Potions
 g - 6 potions of curing
 p - 5 potions of haste
 z - 4 potions of resistance
 C - a potion of magic
 D - 2 potions of flight
 F - a potion of invisibility
 X - 2 potions of heal wounds
Books
 I - a manual of Evocations
Miscellaneous
 R - a sack of spiders
 Y - a lightning rod (4/4)
Comestibles
 b - 48 rations


   Skills:
 - Level 15.0 Fighting
 - Level 15.0 Armour
 - Level 3.0 Dodging
 - Level 2.1 Stealth
 + Level 18.2 Unarmed Combat
 - Level 12.0 Invocations


You had one spell level left.
You knew the following spells:

 Your Spells              Type           Power        Failure   Level  Hunger
a - Blink                 Tloc           N/A          99%         2    ###....
b - Mephitic Cloud        Conj/Pois/Air  #.......     100%        3    ####...
c - Passage of Golubria   Tloc           N/A          100%        4    #####..
d - Lesser Beckoning      Tloc           #.........   100%        3    ####...
e - Corpse Rot            Necr           N/A          99%         2    ###....


Dungeon Overview and Level Annotations

Branches:
Dungeon (15/15)            Temple (1/1) D:5            Lair (6/6) D:11
  Swamp (2/4) Lair:2       Spider (0/4) Lair:2        Slime (0/5) Lair:6
    Orc (2/2) D:9             Elf (0/3) Orc:2        Vaults (0/5) D:14
 Depths (0/5) D:15

Altars:
Ashenzari
Cheibriados
Dithmenos
Elyvilon
Fedhas
Gozag
Hepliaklqana
Kikubaaqudgha
Makhleb
Nemelex Xobeh
Okawaru
Qazlal
Ru
Sif Muna
Trog
Uskayaw
Vehumet
Wu Jian
Xom
Yredelemnul
Zin
The Shining One

Shops:
D:4 !   Orc:2 }%(=

Portals:
Trove: D:14 (give 20 scrolls of identify)

Annotations:
Lair:6 exclusion: 4 oklob plants


Innate Abilities, Weirdness & Mutations

Your body is rotting away.
You thrive on raw meat.
You are immune to poison.
You have sharp fingernails.
You are carnivorous and can eat meat at any time.
Your flesh is cold resistant. (rC+)
You are immune to negative energy. (rN+++)
You do not regenerate when monsters are visible.
You are immune to unholy pain and torment.
You can survive without breathing.


Message History

The very large slime creature is heavily wounded.
The very large slime creature closely misses you.
You mangle the very large slime creature!!
The very large slime creature is severely wounded.
A large slime creature splits.
You claw the very large slime creature!
The very large slime creature is severely wounded.
The very large slime creature hits you!!!
Two slime creatures merge to form an enormous slime creature.
You claw the enormous slime creature! You claw the enormous slime creature!!
The enormous slime creature is severely wounded.
Two slime creatures merge to form a titanic slime creature.
You mangle the titanic slime creature!!
Your claw misses the titanic slime creature.
The titanic slime creature is heavily wounded.
You scratch the titanic slime creature.
The titanic slime creature is heavily wounded.
The titanic slime creature hits you!!!!
Ouch! That really hurt!
You die...

##.#.# ## ##....## #
#......#### ## #.......#.#
##. ####.........## ##..
#.###.........# ##...
##............###### ###.##.
###P..........#...###
##..##..
###.........@J.J..####..####>
###.........##......####P..
#.........#........# ##P.
##.........#.......# #..
##.......##.......# ##.
#.#......#.......# #.
###.##.####P...### #. ######
##.### ## ###


You could see a titanic slime creature and a slime creature.

Vanquished Creatures
  Gastronok (Lair:3)
  A frost giant (IceCv)
  An orc warlord (Orc:1)
  Louise (Swamp:1)
  A juggernaut zombie (D:15)
  The ghost of SupremeSnack the Black Belt, a journeyman DsGl of Kikubaaqudgha (D:13)
  Nessos (Orc:2)
  Josephine (Lair:5)
  Erolcha (D:9)
  The ghost of Burgietje the Fighter, a journeyman GrCK of Xom (D:11)
  11 hydras
  Fannar (Lair:2)
  4 vault guards (D:14)
  The ghost of Knicklaso the Slinger, a journeyman HaHu of Dithmenos (D:10)
  2 alligators (Swamp:1)
  3 centaur warriors
  17 two-headed ogres
  5 death yaks
  3 orc high priests (Orc:2)
  A titan zombie (D:15)
  Urug (Orc:1)
  22 spriggans
  Nergalle (Orc:1)
  A sixfirhy (D:13)
  2 skeletal warriors (D:15)
  2 unseen horrors
  A swamp dragon (Swamp:1)
  A phantasmal warrior (D:15)
  A wolf spider zombie (D:14)
  6 orc knights
  A necromancer (D:15)
  4 cyclopes
  A deep elf mage (D:13)
  6 orc sorcerers
  2 manticores
  Joseph (D:8)
  5 ugly things
  6 elephants (Lair:4)
  3 black mambas
  An ice statue (IceCv)
  Maurice (D:9)
  3 centaur skeletons
  3 gargoyles
  14 spiny frogs
  2 rime drakes
  3 efreet
  8 komodo dragons
  6 trolls
  A jumping spider (D:15)
  12 hornets
  3 tyrant leeches
  16 polar bears
  2 bog bodies
  13 slime creatures
  Grinder (D:6)
  13 blink frogs
  6 dream sheep
  6 hippogriffs
  3 shadows
  3 redbacks (D:15)
  A spriggan skeleton (D:15)
  2 water elementals
  A vampire (D:15)
  A human (D:9)
  5 wraiths
  45 yaks
  4 wyverns
  7 vampire mosquitoes
  5 basilisks
  5 hungry ghosts
  A steam dragon (D:10)
  4 insubstantial wisps
  4 wargs
  3 soldier ants
  8 swamp worms
  A tengu zombie (D:15)
  8 water moccasins
  8 porcupines
  5 sky beasts
  3 ice beasts
  28 orc warriors
  4 swamp drakes
  A black bear (shapeshifter) (D:13)
  A necrophage (D:9)
  5 phantoms
  9 black bears
  40 wolves
  4 boggarts (Lair:6)
  17 ogres
  9 centaurs
  17 crocodiles
  5 big kobolds
  18 bullfrogs
  A gnoll sergeant (D:12)
  A wyvern zombie (D:13)
  2 water moccasin zombies (Ossuary)
  A wyvern skeleton (D:12)
  4 scorpions
  6 killer bees
  22 wights
  6 electric eels
  3 howler monkeys
  3 crimson imps
  A quasit (D:8)
  3 centaur zombies
  A bullfrog skeleton (D:13)
  3 hounds
  6 jellies
  17 orc priests
  A bullfrog zombie (D:5)
  20 orc wizards
  8 iguanas
  2 worker ants
  5 big kobold zombies (Ossuary)
  A hound zombie (D:5)
  2 hound skeletons
  2 mummies (Ossuary)
  2 worker ant zombies
  13 gnolls
  12 adders
  4 shadow imps
  12 white imps (Orc:2)
  2 oozes (Lair:6)
  4 adder zombies
  4 adder skeletons
  A worm (D:3)
  8 leopard geckos
  93 orcs
  4 bats
  7 giant cockroaches
  3 gnoll zombies (Ossuary)
  8 goblins
  9 hobgoblins
  2 jackals (D:10)
  4 quokkas
  5 ball pythons
  3 frilled lizards
  2 hobgoblin zombies (Ossuary)
  2 jackal skeletons
  12 kobolds
  6 kobold zombies (Ossuary)
  A leopard gecko zombie (D:5)
  3 orc zombies (Ossuary)
  A quokka skeleton (D:4)
  2 quokka zombies
  7 rats
  5 bushes (D:5)
  5 plants
891 creatures vanquished.

Vanquished Creatures (others)
  A water elemental (D:15)
  An orc wizard (Orc:2)
  An orc (Orc:2)
  6 fungi
  7 plants
  A withered plant (D:15)
17 creatures vanquished.

Grand Total: 908 creatures vanquished

Notes
Turn   | Place    | Note
-------+----------+-------------------------------------------
     0 | D:1      | RaHiT the Ghoul Monk began the quest for the Orb.
     0 | D:1      | Reached XP level 1. HP: 19/19 MP: 0/0
   130 | D:1      | Reached XP level 2. HP: 25/26 MP: 1/1
   807 | D:2      | Reached XP level 3. HP: 32/33 MP: 2/2
  1039 | D:2      | Found a deep blue altar of Sif Muna.
  1039 | D:2      | Found a bloodstained altar of Trog.
  1039 | D:2      | Found a stormy altar of Qazlal.
  1408 | D:3      | Reached skill level 4 in Unarmed Combat
  1677 | D:3      | Reached XP level 4. HP: 27/40 MP: 3/3
  2151 | D:3      | Reached skill level 5 in Unarmed Combat
  2235 | D:3      | Reached XP level 5. HP: 44/46 MP: 4/4
  2305 | D:4      | Noticed an angel
  2307 | D:4      | Found a shimmering altar of Xom.
  2307 | D:4      | Found a glowing silver altar of Zin.
  2312 | D:4      | Reached skill level 6 in Unarmed Combat
  2372 | D:4      | Found a sparkling altar of Nemelex Xobeh.
  2441 | D:4      | Found Sionisat's Distillery.
  2473 | D:4      | Bought a potion of curing for 39 gold pieces
  2603 | D:4      | Reached XP level 6. HP: 47/52 MP: 5/5
  2895 | D:5      | Entered Level 5 of the Dungeon
  2904 | D:5      | Reached skill level 7 in Unarmed Combat
  2952 | D:5      | Learned a level 2 spell: Blink
  2956 | D:5      | Learned a level 3 spell: Mephitic Cloud
  3097 | D:5      | Reached XP level 7. HP: 20/59 MP: 6/6
  3310 | D:5      | Found a hide-covered altar of Uskayaw.
  3329 | D:5      | Reached skill level 8 in Unarmed Combat
  3407 | D:5      | Reached skill level 9 in Unarmed Combat
  3994 | D:5      | Found an opulent altar of Gozag.
  4096 | D:5      | Found a staircase to the Ecumenical Temple.
  4124 | Temple   | Entered the Ecumenical Temple
  4339 | Temple   | Became a worshipper of Warmaster Okawaru
  4339 | Temple   | Reached * piety under Okawaru
  4339 | Temple   | Reached ** piety under Okawaru
  4453 | D:5      | Found a burning altar of Makhleb.
  4645 | D:6      | Reached XP level 8. HP: 51/64 MP: 7/7
  4683 | D:6      | Reached skill level 10 in Unarmed Combat
  4918 | D:6      | Noticed Grinder
  4925 | D:6      | Killed Grinder
  5367 | D:6      | Noticed a two-headed ogre
  5386 | D:6      | Killed a two-headed ogre
  5386 | D:6      | Reached *** piety under Okawaru
  5386 | D:6      | Reached skill level 12 in Unarmed Combat
  5386 | D:6      | Reached XP level 9. HP: 35/71 MP: 5/8
  5659 | D:6      | Reached skill level 5 in Fighting
  5894 | D:7      | Found a snail-covered altar of Cheibriados.
  6060 | D:7      | Found a sand-covered staircase.
  6069 | Ossuary  | Entered an ossuary
  6683 | D:7      | Found an ornate altar of the Wu Jian Council.
  6871 | D:8      | Noticed a two-headed ogre
  6882 | D:8      | Killed a two-headed ogre
  6882 | D:8      | Reached **** piety under Okawaru
  6882 | D:8      | Reached XP level 10. HP: 79/90 MP: 6/9
  7139 | D:8      | Reached skill level 10 in Fighting
  7208 | D:8      | Reached skill level 1 in Invocations
  7264 | D:8      | Noticed Joseph
  7273 | D:8      | Killed Joseph
  7273 | D:8      | Received a gift from Okawaru
  7508 | D:8      | Found a sacrificial altar of Ru.
  7817 | D:9      | Noticed a two-headed ogre
  7835 | D:9      | Killed a two-headed ogre
  7835 | D:9      | Reached ***** piety under Okawaru
  8226 | D:9      | Found a staircase to the Orcish Mines.
  8294 | D:9      | Reached XP level 11. HP: 80/99 MP: 16/16
  8409 | D:9      | Got a faintly glowing rapier {pierce}
  8410 | D:9      | Identified the cursed +0 rapier of Hacking and Slashing {pierce, *Slow rPois Stlth+} (You took it off a goblin on level 9 of the Dungeon)
  8509 | D:9      | Found a transporter.
  8532 | D:9      | Noticed Erolcha
  8547 | D:9      | Killed Erolcha
  8547 | D:9      | Reached skill level 10 in Invocations
  8553 | D:9      | Found a transporter.
  8848 | D:9      | Noticed Maurice
  8859 | D:9      | Killed Maurice
  8988 | D:10     | Entered Level 10 of the Dungeon
  9241 | D:10     | Noticed Knicklaso's ghost (journeyman HaHu)
  9257 | D:10     | Killed Knicklaso's ghost
  9313 | D:10     | Noticed a two-headed ogre
  9314 | D:10     | Noticed a two-headed ogre
  9323 | D:10     | Killed a two-headed ogre
  9326 | D:10     | Killed a two-headed ogre
  9480 | D:10     | Got a warped plate armour
  9491 | D:10     | Identified the cursed +1 plate armour of the Pits of Slime {Regen+} (You found it on level 10 of the Dungeon)
  9583 | D:10     | Reached skill level 1 in Armour
  9937 | D:10     | Reached ****** piety under Okawaru
  9949 | D:10     | Received a gift from Okawaru
  9954 | D:10     | Got a faintly glowing great mace {god gift}
  9955 | D:10     | Identified the +7 great mace of the Fox {elec, rF+ Dex+8 Stlth+} (Okawaru gifted it to you on level 10 of the Dungeon)
  9992 | D:10     | Noticed a two-headed hydra
  9998 | D:10     | Killed a two-headed hydra
 10132 | D:11     | Reached skill level 5 in Armour
 10143 | D:11     | Killed an unseen horror
 10143 | D:11     | Reached XP level 12. HP: 53/106 MP: 20/20
 10216 | D:11     | HP: 2/106 [cyan ugly thing (12)]
 10358 | D:11     | Noticed a two-headed ogre
 10371 | D:11     | Killed a two-headed ogre
 10371 | D:11     | Received a gift from Okawaru
 10374 | D:11     | Got a translucent chain mail {god gift}
 10406 | D:11     | Identified the +1 chain mail of Okawaru's Hope {*Contam rElec rN+ Stlth+} (Okawaru gifted it to you on level 11 of the Dungeon)
 10580 | D:11     | Found a staircase to the Lair.
 10645 | D:11     | Noticed a two-headed ogre
 10665 | D:11     | Killed a two-headed ogre
 10694 | D:11     | Noticed a two-headed ogre
 10704 | D:11     | Killed a two-headed ogre
 10858 | D:11     | Noticed a four-headed hydra
 10868 | D:11     | Killed a four-headed hydra
 10892 | D:11     | Noticed a two-headed ogre
 10899 | D:11     | Killed a two-headed ogre
 10983 | D:11     | Noticed Burgietje's ghost (journeyman GrCK)
 11023 | D:11     | Killed Burgietje's ghost
 11227 | Lair:1   | Entered Level 1 of the Lair of Beasts
 11297 | Lair:1   | Reached skill level 10 in Armour
 11418 | Lair:1   | Received a gift from Okawaru
 12007 | Lair:2   | Reached XP level 13. HP: 102/113 MP: 14/21
 12282 | Lair:2   | Found a hole to the Spider Nest.
 12520 | Lair:2   | Found a staircase to the Swamp.
 13032 | Lair:3   | Noticed Fannar
 13158 | Lair:2   | Killed Fannar
 13168 | Lair:2   | Received a gift from Okawaru
 13217 | Lair:3   | Noticed Gastronok
 13238 | Lair:3   | Killed Gastronok
 15396 | Lair:5   | Reached XP level 14. HP: 99/121 MP: 22/22
 15652 | Lair:5   | Noticed Josephine
 15671 | Lair:5   | Killed Josephine
 15671 | Lair:5   | Received a gift from Okawaru
 15951 | Lair:6   | Entered Level 6 of the Lair of Beasts
 16465 | Lair:6   | Received a gift from Okawaru
 16487 | Lair:6   | Reached skill level 15 in Armour
 16603 | Lair:6   | Received a gift from Okawaru
 16621 | Lair:6   | Got a pair of faintly humming gloves {god gift}
 16627 | Lair:6   | Identified the +0 pair of gloves of Yshrutaimm {Str+4} (Okawaru gifted it to you on level 6 of the Lair of Beasts)
 16847 | Lair:6   | Found a staircase to the Slime Pits.
 17614 | Lair:1   | Learned a level 4 spell: Passage of Golubria
 17618 | Lair:1   | Learned a level 3 spell: Lesser Beckoning
 17707 | Orc:1    | Entered Level 1 of the Orcish Mines
 18069 | Orc:2    | Entered Level 2 of the Orcish Mines
 18069 | Orc:2    | Noticed Nessos
 18106 | Orc:2    | Killed Nessos
 18209 | Orc:2    | Found a staircase to the Elven Halls.
 18227 | Orc:2    | Found a frozen archway.
 18243 | IceCv    | Entered an ice cave
 18431 | IceCv    | Reached XP level 15. HP: 130/136 MP: 23/23
 18517 | IceCv    | Received a gift from Okawaru
 18549 | IceCv    | Got a polished scale mail {god gift}
 18561 | IceCv    | Identified the +2 scale mail of Sotaq {rF++} (Okawaru gifted it to you in an ice cave)
 18769 | IceCv    | Noticed a frost giant
 18797 | IceCv    | Killed a frost giant
 19564 | Orc:2    | Reached skill level 15 in Fighting
 19677 | Orc:2    | Found Jaane's Food Emporium.
 19677 | Orc:2    | Found Adwochent's Gadget Boutique.
 19679 | Orc:2    | Found Zetsu's Jewellery Emporium.
 19679 | Orc:2    | Found Moocatul's Antique Weapon Boutique.
 19913 | Orc:1    | Noticed an orc warlord
 19914 | Orc:1    | Noticed Nergalle
 19923 | Orc:1    | Killed an orc warlord
 19968 | Orc:1    | Noticed Urug
 19987 | Orc:1    | Killed Nergalle
 19987 | Orc:1    | Reached skill level 13 in Unarmed Combat
 19990 | Orc:1    | Killed Urug
 20894 | D:12     | Received a gift from Okawaru
 21145 | D:13     | Reached skill level 14 in Unarmed Combat
 21427 | D:13     | Noticed SupremeSnack's ghost (journeyman DsGl)
 21507 | D:13     | Found a runed door.
 21644 | D:13     | HP: 1/141 [SupremeSnack's ghost (7)]
 21672 | D:13     | Killed SupremeSnack's ghost
 22187 | D:14     | Found a gate to the Vaults.
 22208 | D:14     | Reached skill level 15 in Unarmed Combat
 22211 | D:14     | Reached XP level 16. HP: 119/148 MP: 13/24
 22408 | D:14     | Got a pair of dazzling boots
 22414 | D:14     | Identified the +0 pair of boots of Beauty {rPois rN+} (You found it on level 14 of the Dungeon)
 22461 | D:14     | Found a portal to a secret trove of treasure.
 22621 | D:15     | Entered Level 15 of the Dungeon
 22779 | D:15     | Reached skill level 16 in Unarmed Combat
 23024 | D:15     | Received a gift from Okawaru
 23058 | D:15     | Got a polished great mace {god gift}
 23059 | D:15     | Identified the +10 great mace "Veedoes" {venom, +Fly rF+} (Okawaru gifted it to you on level 15 of the Dungeon)
 23401 | D:15     | Found a staircase to the Depths.
 23738 | D:15     | Reached skill level 17 in Unarmed Combat
 24140 | Swamp:1  | Entered Level 1 of the Swamp
 24644 | Swamp:1  | Noticed Louise
 24656 | Swamp:1  | Killed Louise
 24914 | Swamp:1  | Received a gift from Okawaru
 25113 | Swamp:1  | Learned a level 2 spell: Corpse Rot
 25314 | Swamp:2  | Identified the +10 battleaxe of Quick Death {venom, *Noise Str+6 Dex+4 SInv} (You found it on level 2 of the Swamp)
 25348 | Swamp:2  | Reached skill level 18 in Unarmed Combat
 25566 | Swamp:2  | HP: 5/149 [titanic slime creature (70)]
 25566 | Swamp:2  | HP: 2/149 [slime creature (3)]
 25865 | Lair:2   | Demolished by a titanic slime creature

Skill      XL: |  1  2  3  4  5  6  7  8  9 10 11 12 13 14 15 16 |
---------------+-------------------------------------------------+-----
Fighting       | 4 9 10 13 15 | 15.0
Dodging        | 3 |  3.0
Unarmed Combat | 4 5 6 7 9 12 15 18 | 18.2
Invocations    | 8 12 | 12.0
Armour         | 5 10 14 15 | 15.0
Stealth        | |  2.1

Action                   |  1- 3 |  4- 6 |  7- 9 | 10-12 | 13-15 | 16-18 || total
-------------------------+-------+-------+-------+-------+-------+-------++-------
Melee: Unarmed           |   114 |   140 |   446 |   502 |  1917 |   582 ||  3701
       Punch             |     3 |     3 |    24 |    33 |   157 |    73 ||   293
       Great mace        |       |       |       |    63 |       |       ||    63
Throw: Stone             |    63 |    30 |    49 |    14 |       |       ||   156
       Tomahawk          |       |     4 |    13 |    89 |    85 |    11 ||   202
       Throwing net      |       |       |     1 |       |       |       ||     1
Invok: Heroism           |       |       |     5 |    13 |    15 |     3 ||    36
       Finesse           |       |       |       |     5 |    15 |     3 ||    23
Evoke: Wand              |       |       |       |     2 |    17 |     2 ||    21
  Use: Scroll            |     4 |     2 |     4 |     8 |     8 |     3 ||    29
       Potion            |       |       |     1 |     8 |    10 |       ||    19
 Stab: Sleeping          |     2 |     1 |     5 |     5 |       |       ||    13
       Distracted        |       |     1 |       |     1 |       |       ||     2
       Paralysed         |       |       |       |       |     2 |       ||     2
  Eat: Chunk             |    11 |    24 |    27 |   115 |   315 |    90 ||   582
Armor: Robe              |    20 |    12 |    13 |    15 |       |       ||    60
       Plate armour      |       |       |       |    60 |       |    69 ||   129
       Chain mail        |       |       |       |    47 |  1006 |   209 ||  1262
       Scale mail        |       |       |       |       |    21 |       ||    21
Dodge: Dodged            |    77 |    58 |   113 |   211 |   852 |   152 ||  1463
Block: Other             |       |       |       |    35 |   288 |    59 ||   382
       Reflection        |       |       |       |     3 |     7 |     3 ||    13
